 Dungeon Crawl Stone Soup version 0.28-a0-429-g1448048969 (webtiles) character file.

Game seed: 17308943491227761448

46 RandomusNamus the Shield-Bearer (level 3, -2/23 HPs)
             Began as a Gargoyle Fighter on Sept 10, 2021.
             Slain by Terence (4 damage)
             ... on level 2 of the Dungeon.
             The game lasted 00:02:06 (1116 turns).

RandomusNamus the Shield-Bearer (Gargoyle Fighter)  Turns: 1116, Time: 00:02:06

Health: -2/23      AC: 10    Str: 19    XL:     3   Next: 68%
Magic:  3/3        EV:  9    Int:  8    God:
Gold:   63         SH:  4    Dex: 10    Spells: 2/2 levels left

rFire   . . .      SeeInvis .   a - +0 long sword
rCold   . . .      Faith    .   c - +0 buckler
rNeg    + . .      Spirit   .   b - +0 scale mail
rPois   ∞          Reflect  .   (no helmet)
rElec   +          Harm     .   (no cloak)
rCorr   .          Rampage  .   (no gloves)
Will    .....                   (no boots)
Stlth   ..........              (no amulet)
HPRegen 0.07/turn               (no ring)
MPRegen 0.08/turn               (no ring)

@: mighty
A: sickness immunity, AC +3, negative energy resistance 1, electricity
resistance, torment resistance 1, petrification resistance
a: no special abilities


You were on level 2 of the Dungeon.
You visited 1 branch of the dungeon, and saw 2 of its levels.

You collected 63 gold pieces.


Innate Abilities, Weirdness & Mutations

You are immune to sickness and miasma.
Your stone body is resilient. (AC +3)
You are immune to poison.
You resist negative energy. (rN+)
You are resistant to electric shocks. (rElec)
You are resistant to unholy torment.
You are immune to petrification.


   Skills:
 + Level 3.5 Fighting
 * Level 2.5 Long Blades
 + Level 3.6 Armour
 + Level 0.7 Dodging
 + Level 3.6 Shields


You had 2 spell levels left.
You didn't know any spells.
Your spell library was empty.

Inventory:

Hand Weapons
 a - a +0 long sword (weapon)
Armour
 b - a +0 scale mail (worn)
 c - a +0 buckler (worn)
 h - a +0 cloak
   (You found it on level 2 of the Dungeon)
Scrolls
 e - a scroll of silence {!r, unknown}
Potions
 f - 2 potions of lignification {unknown}
 g - a potion of haste {unknown}

Dungeon Overview and Level Annotations

Branches:
Dungeon (2/15)

Altars:

Annotations:
D:2 Jessica, Terence

........###@....##..........
....@....§.@###.# ..........
..........###...# .........
#...>.....##..### .........
#.....$.....)##### ......#
#.>.......##......####.#.#.#
#......................#...#
#.........#######...<...##.#
#.........########..........
###.####.##......#.##.##....
#. #.#............####.#
.........<...### #.#
#...........# #.#
#.(.........# #.#
#..........## ###
#.....<....# ##........##


You could see Terence and Jessica.


Message History

Unknown command!
Ye barely miss tha goblin!
Tha goblin butts ye but does nay damage!
Tha goblin hits ye but does nay damage!
A goblin be nearby!!!
Unknown command!
Ye closely miss tha goblin!
Tha goblin hits ye but does nay damage!
A goblin be nearby!!!
Ye chop tha goblin inta pieces!!!
Ye annihilate tha goblin!!!
Unknown command!
Thin's tha be 'ere: a +0 whip; a kobold corpse Nay target in view!!!
Unknown command!
Key pressed, stoppin' 'splore!
Nay target in view!!!
Unknown command!
Thin's tha be 'ere: a +0 dagger; a goblin corpse Unknown command!
Ye see 'ere a hobgoblin corpse!
Thar be an op'n door 'ere!
Thar be an op'n door 'ere!
Thar be an op'n door 'ere!
Thar be an op'n door 'ere!
Thin's tha be 'ere: a +0 whip; a kobold corpse Ye see 'ere a hobgoblin skeleton!
Key pressed, stoppin' 'splore!
Unknown command!
Nay target in view!!!
Thar be an op'n door 'ere!
Key pressed, stoppin' 'splore!
Unknown command!
Nay target in view!!!
Thar be an op'n butt 'ere!
Done 'splorin'!
Nay target in view!!!
Unknown command!
Done 'splorin'!
Nay target in view!!!
Unknown command!
Done 'splorin'!
Nay target in view!!!
Unknown command!
Key pressed, stoppin' 'splore!
Nay target in view!!!
Unknown command!
Nay target in view!!!
Done 'splorin'!
Unknown command!
Nay target in view!!!
(D) Dungeon Where ta? (? - help) Thar be an abandon'd shop 'ere!
Thar be a stone staircase leadin' down 'ere!
Ye climb downwards!
Butt a scroll labelled WIULLELEIT an' 9 bolts!
Found two stone staircases leadin' up!
Thar be a stone staircase leadin' up 'ere!
Options error: Bad object type '%\' for autopickup. (~/.crawlrc:8) Options error: Bad channel -- pray (~/.crawlrc:1283) Welcome back, RandomusNamus tha Gargoyle Fighter!
Press ? fer a list o' commands an' othar information!
Unknown command!
e - a scroll labelled WIULLELEIT {!!.r} Nay target in view!!!
Unknown command!
Nay target in view!!!
Found an 'scape hatch in tha ceilin'!
Unknown command!
Nay target in view!!!
A jackal comes inta view!
Tha jackal barks!!!
A jackal comes inta view!
Tha jackal moves outta view!
Found a stone staircase leadin' down!
Thar be monsters nearby!!!
Unknown command!
Thar be monsters nearby!!!
Tha jackal bites ye but does nay damage!
Unknown command!
Thar be monsters butt!!!
Ye chop tha jackal inta pieces!!!
Ye annihilate tha jackal!!!
Ye block tha jackal's attack!
Unknown command!
A jackal be nearby!!!
Ye carve tha jackal like a ham!!!
Ye annihilate tha jackal!!!
Unknown command!
Nay target in view!!!
Ye now haf 56 gold pieces (gain'd 8)!
f - a pink potion Unknown command!
Nay target in view!!!
Found 16 arrows!
Unknown command!
Nay target in view!!!
Key pressed, stoppin' 'splore!
Nay target in view!!!
Unknown command!
Found a rapier!
Nay target in view!!!
Unknown butt!
Found a stone staircase leadin' down!
Nay target in view!!!
Unknown command!
Nay target in view!!!
g - a grey potion Unknown command!
Nay target in view!!!
f - 2 pink potions (gain'd 1)
A ball python comes inta view!
Tha ball python hisses angrily!
A ball python be nearby!!!
Unknown command!
A ball python be nearby!!!
Ye op'n tha ball python like a pillowcase!!!
Ye annihilate tha ball python!!!
Unknown command!
Nay target in view!!!
h - a +0 cloak Unknown command!
Nay target in view!!!
Ye now haf 63 gold pieces (gain'd 7)!
Jessica tha Apprentice Sorceress comes inta view!
She be wieldin' a +0 club!
Found a stone staircase leadin' down!
Jessica shouts!!!
Ye hear a shout!!!
Jessica moves outta view!
Ye hear a shout!!!
Nay target in view!!!
Found an 'scape hatch in tha floor!
Nay target in view!!!
Unknown command!
Jessica butts nearby!!!
Jessica gestures at ye while chantin'!
Ye barely resist!
Unknown command!
Jessica be nearby!!!
Unknown command!
A goblin comes inta view!
It be wieldin' a +0 dagger!
Jessica hits ye wit' a +0 club!
Damage: -8%(-2hp) hp: 92%(21hp) Ye barely miss Jessica!
Tha goblin shouts!!!
Jessica gestures wildly while chantin'!
Jessica blinks!!!
Thar be monsters nearby!!!
Unknown command!
Jessica casts a spell at ye!
Pain shoots through yer body!!!
* * * LOW HITPOINT WARNIN'
* * * Terence tha Incautious comes inta view! 'e be wieldin' a +0 flail!
Huge Dmg: -26%(-6hp) hp: 70%(16hp) Terence shouts!!!
Ye chop tha goblin inta pieces!!!
Ye annihilate tha goblin!!!
Terence shouts, "ATTACK!!!!!!!!!"
Thar be monsters butt!!!
Unknown command!
Jessica closely misses ye!
Terence closely misses ye!
Ye see 'ere a +0 dagger!
Thar be monsters nearby!!!
Unknown command!
Ye op'n Terence like a pillowcase!
Terence be moderately wounded!
Jessica hits ye but does nay damage!
Terence hits ye but does nay damage!
Thar be monsters nearby!!!
Ye op'n Terence like a pillowcase!!!
Terence be heavily wounded!
Jessica hits ye but does nay damage!
Terence hits ye wit' a +0 flail!!!
* * * LOW HITPOINT WARNIN'
* * * Huge Dmg: -30%(-7hp) hp: 40%(9hp) Jessica casts a spell at ye!
Ye resist wit' some effort!
Jessica hits ye wit' a +0 club!
* * * LOW HITPOINT WARNIN'
* * * Huge Dmg: -13%(-3hp) hp: 27%(6hp) Unknown command!
Unknown command!
Unknown command!
Ye feel very mighty all o' a sudd'n!
Unknown command!
Unknown command!
Ye closely miss Terence!
Terence be heavily wounded!
Terence hits ye wit' a +0 flail!
* * * LOW HITPOINT WARNIN'
* * * Jessica mumbles some strange words!
Jessica blinks!!!
Huge Dmg: -22%(-5hp) hp: 9%(2hp) Unknown command!
Unknown command!
Ye closely miss Terence!
Terence be heavily wounded!
Terence says, "Did ye write a will?
Ye should!!!"
Terence butts ye wit' a +0 flail!
Ye die!!!

Levels and vault maps discovered:
D:1:      amcnicky_arrival_abandoned_market, layout_basic, serial_glass,
          glass_columns_a, glass_columns_a, glass_columns_b, glass_columns_a,
          glass_columns_a, glass_columns_c, grunt_decor_clamped, feat_on_display
D:2:      layout_rooms, dilly_ecumenical_altar_fadedgnrine, uniq_jessica,
          uniq_terence

Notes
Turn   | Place    | Note
-------+----------+-------------------------------------------
     0 | D:1      | RandomusNamus the Gargoyle Fighter began the quest for the
                  | Orb.
     0 | D:1      | Reached XP level 1. HP: 14/14 MP: 1/1
   167 | D:1      | Reached XP level 2. HP: 19/19 MP: 2/2
   450 | D:1      | Reached XP level 3. HP: 22/23 MP: 3/3
   950 | D:2      | Upgraded the game from 0.28-a0-425-gd0eccab798 to
                  | 0.28-a0-429-g1448048969
  1091 | D:2      | Noticed Jessica
  1101 | D:2      | Noticed Terence
  1116 | D:2      | Slain by Terence

Vanquished Creatures
  A dart slug (D:1)
  5 ball pythons
  2 bats (D:1)
  5 endoplasms (D:1)
  A giant cockroach (D:1)
  4 goblins
  4 hobgoblins (D:1)
  5 jackals
  A kobold (D:1)
  2 quokkas (D:1)
  A frilled lizard (D:1)
  4 rats (D:1)
35 creatures vanquished.

Action                   || total
-------------------------++-------
Melee: Long sword        ||    90
  Use: Potion            ||     1
Armor: Scale mail        ||    44
Dodge: Dodged            ||    43
Block: Buckler           ||    21
